 Dungeon Crawl Stone Soup version 0.22.1-1-ga44c0e5 (webtiles) character file.

75007 brandon the Eclecticist (level 15, -2/92 HPs)
             Began as a Deep Elf Fire Elementalist on Oct 8, 2018.
             Was the Champion of Vehumet.
             Killed from afar by a shock serpent (17 damage)
             ... with a bolt of electricity
             ... on level 2 of the Snake Pit.
             The game lasted 01:27:11 (32798 turns).

brandon the Eclecticist (DEFE)                     Turns: 32798, Time: 01:27:12

Health: -2/92      AC:  6    Str:  7    XL:     15   Next: 8%
Magic:  20/38      EV: 20    Int: 33    God:    Vehumet [******]
Gold:   1368       SH:  2    Dex: 18    Spells: 9/48 levels left

rFire    . . .     SeeInvis .   L - +6 war axe of Responsibility {chop, *Corrode MR+ Int+6}
rCold    . . .     Gourm    .   (no shield)
rNeg     . . .     Faith    .   y - +0 leather armour {MR+}
rPois    +         Spirit   .   w - +1 helmet
rElec    .         Reflect  +   A - +0 cloak (curse)
rCorr    .         Harm     .   (no gloves)
MR       +++..                  (no boots)
Stlth    ++........             u - +2 amulet of reflection
HPRegen  0.25/turn              b - +3 ring of dexterity
MPRegen  0.26/turn              n - ring of poison resistance

@: lethally poisoned (-2 -> -3)
A: strong 1
a: Renounce Religion


You were on level 2 of the Snake Pit.
You worshipped Vehumet.
Vehumet was exalted by your worship.
You were not hungry.

You visited 5 branches of the dungeon, and saw 21 of its levels.
You also visited: Sewer.

You collected 2003 gold pieces.
You spent 635 gold pieces at shops.

Inventory:

Hand Weapons
 L - the +6 war axe of Responsibility (weapon) {chop, *Corrode MR+ Int+6}
   (You found it on level 10 of the Dungeon)

   It inflicts extra damage upon your enemies.
   It affects your intelligence (+6).
   It affects your resistance to hostile enchantments.
   It may corrode you when you take damage.
Armour
 w - a +1 helmet (worn)
 y - a +0 leather armour of magic resistance (worn)
 A - a cursed +0 cloak (worn)
 K - a +2 robe
Jewellery
 b - a +3 ring of dexterity (left hand)
 n - a ring of poison resistance (right hand)
 s - an uncursed amulet of magic regeneration
 u - a +2 amulet of reflection (around neck)
 Q - an uncursed ring of see invisible {unknown}
Wands
 F - a wand of paralysis (2)
 G - a wand of flame (70)
 H - a wand of digging (50)
 I - a wand of random effects (46)
 P - a wand of disintegration (12)
Scrolls
 a - a scroll of holy word {unknown}
 d - 2 scrolls of fog
 f - 7 scrolls of remove curse
 g - 4 scrolls of immolation
 i - 3 scrolls of magic mapping {unknown}
 k - 3 scrolls of teleportation
 l - a scroll of torment {unknown}
 m - 4 scrolls of enchant armour
 o - 2 scrolls of noise
 p - 7 scrolls of amnesia
 r - 5 scrolls of enchant weapon
 v - a scroll of identify
 C - 4 scrolls of fear
 N - a scroll of vulnerability {unknown}
 O - a scroll of random uselessness {unknown}
 R - a scroll of blinking
Potions
 e - 8 potions of curing
 h - a potion of degeneration {unknown}
 j - 3 potions of agility {unknown}
 q - 5 potions of magic
 t - 2 potions of brilliance {unknown}
 x - 5 potions of haste
 z - 7 potions of flight
 B - 3 potions of might {unknown}
 D - 4 potions of heal wounds
 E - 6 potions of lignification
 J - 3 potions of cancellation
 M - 4 potions of resistance {unknown}
 S - a potion of mutation
Comestibles
 c - 18 rations
 T - a chunk of flesh


   Skills:
 + Level 9.8 Fighting
 + Level 11.5 Dodging
 - Level 2.4 Stealth
 + Level 17.4 Spellcasting
 + Level 15.2 Conjurations
 + Level 2.5 Summonings
 - Level 6.1 Fire Magic
 - Level 9.3 Air Magic


You had 9 spell levels left.
You knew the following spells:

 Your Spells              Type           Power        Failure   Level  Hunger
a - Flame Tongue          Conj/Fire      #####        1%          1    None
b - Magic Dart            Conj           ####         0%          1    None
c - Conjure Flame         Conj/Fire      #######.     1%          3    None
d - Sticky Flame          Conj/Fire      #######.     1%          4    None
e - Fireball              Conj/Fire      #######...   1%          5    None
f - Lightning Bolt        Conj/Air       #######...   1%          5    None
g - Orb of Destruction    Conj           #######...   1%          7    ####...
h - Swiftness             Chrm/Air       ######..     1%          2    None
i - Blink                 Tloc           N/A          3%          2    None
j - Throw Flame           Conj/Fire      ######       1%          2    None
k - Spellforged Servitor  Conj/Summ      ######....   12%         7    ####...

Your spell library contained the following spells:

 Spells                   Type           Power        Failure   Level  Hunger
 Poison Arrow             Conj/Pois      ######....   4%          6    None
 Shock                    Conj/Air       ####         0%          1    None
 Apportation              Tloc           ####..       1%          1    None
 Corona                   Hex            ####...      1%          1    None
 Summon Butterflies       Summ           #####...     1%          1    None
 Call Imp                 Summ           #####...     1%          2    None
 Dazzling Spray           Conj/Hex       ######       1%          3    None
 Inner Flame              Hex/Fire       #####...     1%          3    None
 Mephitic Cloud           Conj/Pois/Air  ######..     1%          3    None
 Static Discharge         Conj/Air       #######.     1%          3    None
 Airstrike                Air            ######....   1%          4    None
 Bolt of Magma            Conj/Fire/Erth ######....   1%          5    None
 Iskenderun's Battlesphe  Conj/Chrm      ######..     1%          5    None
 Venom Bolt               Conj/Pois      ######....   1%          5    None
 Ensorcelled Hibernation  Hex/Ice        ####..       3%          2    None
 Slow                     Hex            ####....     3%          2    None
 Iron Shot                Conj/Erth      ######....   4%          6    None
 Confuse                  Hex            ####....     6%          3    None
 Lesser Beckoning         Tloc           ####......   6%          3    None
 Tukima's Dance           Hex            ####....     6%          3    None
 Alistair's Intoxication  Tmut/Pois      ####....     50%         5    None
 Invisibility             Hex            ####....     97%         6    None


Dungeon Overview and Level Annotations

Branches:
Dungeon (10/15)            Temple (1/1) D:4            Lair (6/6) D:10
 Shoals (0/4) Lair:4        Snake (2/4) Lair:4        Slime (0/5) Lair:6
    Orc (2/2) D:10            Elf (0/3) Orc:2

Altars:
Ashenzari
Cheibriados
Dithmenos
Elyvilon
Fedhas
Gozag
Hepliaklqana
Kikubaaqudgha
Makhleb
Nemelex Xobeh
Okawaru
Qazlal
Ru
Sif Muna
Trog
Uskayaw
Vehumet
Wu Jian
Xom
Yredelemnul
Zin
The Shining One
Jiyva

Shops:
D:7 !?(*(   D:8 !   D:9 *   Orc:2 :(%!

Portals:
Pandemonium: Orc:2

Annotations:
D:3 1 runed door
D:6 2 transporters, ThePrince's ghost, amateur DgFE
Lair:4 3 runed doors, KeeTraxx's ghost, journeyman HuWn
Lair:6 1 runed door


Innate Abilities, Weirdness & Mutations

Your muscles are strong. (Str +2)


Message History

You hear an angry hiss.
You see here a chunk of flesh.
T - a chunk of flesh The shock serpent shoots out a bolt of lightning at you!
The bolt of electricity hits you!
* * * LOW HITPOINT WARNING * * *
The naga sharpshooter unwields an uncursed war axe.
The naga sharpshooter wields an uncursed longbow.
The naga sharpshooter shoots an arrow.
The arrow hits you.
* * * LOW HITPOINT WARNING * * *
A naga ritualist comes into view. It is wielding a scimitar of venom.
You hear an angry hiss.
You feel much better.
The naga sharpshooter gestures wildly while chanting.
The naga sharpshooter magically shoots an arrow.
The arrow hits you!!
* * * LOW HITPOINT WARNING * * *
The shock serpent shoots out a bolt of lightning at you!
The bolt of electricity hits you!
You die...

......## ..≈≈§..
........###..≈≈..≈N≈
.....)%......≈≈≈..NN
.....%..##....≈≈≈N..
..............S≈NN≈≈
...............(....
......#...>.......##
...#.<(((........#
#.......@.......
..$..#............#
..........).......##
........#...##...##
.............#####
).....#.####...
...$....# ##. .....
..


You could see a naga sharpshooter, a naga ritualist, a shock serpent, a naga
mage and 3 nagas.

Vanquished Creatures
  Rupert (Lair:3)
  Gastronok (Orc:1)
  A stone giant (Orc:2)
  Snorg (D:10)
  A naga warrior (Snake:1)
  3 hydras
  3 two-headed ogres
  3 anacondas
  6 orc high priests (Orc:2)
  A death yak (Lair:4)
  3 shock serpents
  2 naga sharpshooters
  2 soul eaters (Orc:2)
  A sun demon (Orc:2)
  Sonja (Lair:3)
  A torturous demonspawn (Orc:2)
  3 naga ritualists (Snake:1)
  2 mana vipers (Snake:1)
  5 orc knights
  7 orc sorcerers
  3 salamanders (Snake:1)
  A manticore (Lair:6)
  2 cyclopes
  3 elephants (Lair:6)
  19 black mambas
  5 naga magi
  A torpor snail (Lair:5)
  A rust devil (Orc:2)
  6 spiny frogs
  8 komodo dragons
  An ice devil (Orc:2)
  2 red devils (Orc:2)
  9 polar bears (Lair:6)
  A troll (Orc:2)
  A queen bee (D:9)
  Prince Ribbit (D:8)
  7 raiju (Lair:6)
  4 dream sheep (Lair:5)
  8 blink frogs (Lair:6)
  9 hippogriffs
  A ynoxinul (Orc:2)
  A steam dragon (D:8)
  7 basilisks
  23 yaks
  4 humans (D:10)
  A hungry ghost (D:8)
  5 wargs
  10 hell hounds (Lair:6)
  16 nagas
  6 water moccasins
  5 porcupines
  2 ice beasts (D:10)
  32 orc warriors
  2 sky beasts
  11 black bears (Lair:6)
  2 phantoms
  3 necrophages
  21 wolves
  4 centaurs
  9 ogres
  13 crocodiles
  2 big kobolds
  8 bullfrogs
  2 scorpions
  29 killer bees
  4 wights (D:7)
  An electric eel (Snake:2)
  4 crimson imps
  2 hounds
  2 quasits
  5 jellies
  2 bullfrog skeletons
  2 centaur zombies (D:6)
  24 orc priests
  19 orc wizards
  Jessica (D:3)
  An iguana (Lair:3)
  Natasha (thrice) (D:2)
  Terence (D:3)
  2 worker ants
  2 hound zombies (D:7)
  A hound skeleton (D:8)
  A howler monkey zombie (D:3)
  Robin (D:3)
  9 gnolls
  11 adders
  4 river rats
  2 shadow imps
  2 oozes
  2 adder skeletons
  10 worms
  3 dart slugs
  3 leopard geckos
  86 orcs
  A ball python (D:4)
  9 giant cockroaches
  13 goblins
  12 hobgoblins
  15 jackals
  4 quokkas
  6 bats
  4 frilled lizards
  A giant cockroach zombie (D:5)
  A jackal skeleton (D:4)
  18 kobolds
  A quokka zombie (D:8)
  11 rats
  A fungus (Lair:6)
  A plant (Snake:1)
667 creatures vanquished.

Vanquished Creatures (others)
  A hound (D:6)
  An orc (D:6)
  A goblin (D:6)
  A quokka (D:6)
  7 fungi
  16 plants
27 creatures vanquished.

Grand Total: 694 creatures vanquished

Notes
Turn   | Place    | Note
-------+----------+-------------------------------------------
     0 | D:1      | brandon the Deep Elf Fire Elementalist began the quest for
                  | the Orb.
     0 | D:1      | Reached XP level 1. HP: 10/10 MP: 6/6
   146 | D:1      | Reached XP level 2. HP: 14/15 MP: 5/8
   150 | D:1      | Learned a level 2 spell: Throw Flame
   627 | D:2      | Reached XP level 3. HP: 19/19 MP: 5/10
   683 | D:2      | Learned a level 3 spell: Conjure Flame
   833 | D:2      | Reached XP level 4. HP: 13/24 MP: 0/11
   946 | D:2      | Noticed Natasha
   958 | D:2      | Killed Natasha
   958 | D:2      | Reached skill level 4 in Spellcasting
  1229 | D:2      | Noticed Natasha
  1231 | D:2      | Killed Natasha
  1240 | D:2      | Reached XP level 5. HP: 28/28 MP: 2/13
  1268 | D:2      | Found a radiant altar of Vehumet.
  1416 | D:2      | Became a worshipper of Vehumet
  1907 | D:3      | Found an iron altar of Okawaru.
  2188 | D:3      | Noticed Natasha
  2295 | D:3      | Found a runed door.
  2430 | D:2      | Killed Natasha
  2654 | D:2      | Learned a level 4 spell: Sticky Flame
  2659 | D:3      | Noticed Jessica
  2976 | D:3      | Noticed Robin
  2981 | D:3      | Killed Robin
  2990 | D:2      | Reached * piety under Vehumet
  2990 | D:2      | Offered knowledge of Freeze by Vehumet.
  3261 | D:2      | Reached XP level 6. HP: 23/32 MP: 10/15
  3472 | D:3      | Reached skill level 5 in Spellcasting
  3475 | D:3      | Killed Jessica
  3475 | D:3      | Reached skill level 5 in Conjurations
  3549 | D:3      | Learned a level 5 spell: Fireball
  3718 | D:3      | Noticed Terence
  3722 | D:3      | Killed Terence
  4154 | D:4      | Reached skill level 5 in Fire Magic
  4317 | D:4      | Got a jewelled spear
  4318 | D:4      | Identified the +3 spear "Woipig" {chaos, rN+ Stlth+} (You
                  | found it on level 4 of the Dungeon)
  4366 | D:4      | Reached XP level 7. HP: 36/36 MP: 10/17
  4620 | D:4      | Found a staircase to the Ecumenical Temple.
  4644 | Temple   | Entered the Ecumenical Temple
  4746 | D:4      | Reached skill level 6 in Spellcasting
  5244 | D:4      | Reached ** piety under Vehumet
  5442 | D:4      | Found a blossoming altar of Fedhas.
  5491 | D:5      | Entered Level 5 of the Dungeon
  5497 | D:5      | Offered knowledge of Searing Ray by Vehumet.
  5575 | D:5      | Found a glowing drain.
  5590 | Sewer    | Entered a sewer
  5817 | Sewer    | Found a glowing silver altar of Zin.
  5922 | D:5      | Found a shadowy altar of Dithmenos.
  5933 | D:5      | Found a white marble altar of Elyvilon.
  6032 | D:5      | Found a deep blue altar of Sif Muna.
  6367 | D:5      | Reached XP level 8. HP: 9/41 MP: 8/20
  6614 | D:5      | Learned a level 5 spell: Lightning Bolt
  6738 | D:5      | Found a shattered altar of Ashenzari.
  6818 | D:6      | Reached skill level 1 in Air Magic
  6819 | D:6      | Reached skill level 7 in Spellcasting
  6876 | D:6      | Offered knowledge of Throw Frost by Vehumet.
  6985 | D:6      | Reached skill level 1 in Fighting
  7108 | D:6      | Noticed Pikel
  7118 | D:6      | Noticed Pikel
  7118 | D:6      | Pikel changed into Pikel the ogre
  7134 | D:6      | Killed Pikel the ogre
  7297 | D:6      | Found a sacrificial altar of Ru.
  7428 | D:6      | Found a transporter.
  7430 | D:6      | Noticed ThePrince's ghost (amateur DgFE)
  8219 | D:6      | Found a transporter.
  8341 | D:6      | Found a glowing golden altar of the Shining One.
  8726 | D:7      | Found Unoxumy's Distillery.
  8749 | D:7      | Found Laguasao's Magic Scroll Emporium.
  8767 | D:7      | Bought a scroll of teleportation for 42 gold pieces
  8780 | D:7      | Found Kopra's Weapon Shop.
  8787 | D:7      | Found Nasut's General Store.
  8815 | D:7      | Reached XP level 9. HP: 48/48 MP: 9/22
  8824 | D:7      | Reached skill level 8 in Spellcasting
  8891 | D:7      | Learned a level 2 spell: Swiftness
  8914 | D:7      | Found Wiorr's Weapon Emporium.
  8917 | D:7      | Reached *** piety under Vehumet
  8968 | D:7      | Found a hazy altar of Hepliaklqana.
  9271 | D:7      | Reached skill level 5 in Air Magic
  9557 | D:7      | Offered knowledge of Olgreb's Toxic Radiance by Vehumet.
 10184 | D:8      | Reached skill level 9 in Spellcasting
 10249 | D:8      | Found a sparkling altar of Nemelex Xobeh.
 10597 | D:8      | Found a burning altar of Makhleb.
 10888 | D:8      | Noticed Prince Ribbit
 10895 | D:8      | Killed Prince Ribbit
 10895 | D:8      | Reached XP level 10. HP: 33/56 MP: 16/25
 11047 | D:8      | Found Eluny's Distillery.
 11061 | D:8      | Bought a potion of heal wounds for 65 gold pieces
 11122 | D:8      | Reached **** piety under Vehumet
 11904 | D:9      | Offered knowledge of Lee's Rapid Deconstruction by Vehumet.
 12886 | D:9      | Found Zuekamel's Demolitions Depot.
 12961 | D:9      | Found a snail-covered altar of Cheibriados.
 13206 | D:10     | Entered Level 10 of the Dungeon
 13218 | D:10     | Noticed a two-headed ogre
 13222 | D:10     | Killed a two-headed ogre
 13222 | D:10     | Reached skill level 10 in Spellcasting
 13631 | D:10     | Found a staircase to the Orcish Mines.
 13672 | D:10     | Reached ***** piety under Vehumet
 13673 | D:10     | Offered knowledge of Throw Icicle by Vehumet.
 13744 | D:10     | Reached skill level 5 in Fighting
 13955 | D:10     | Reached skill level 10 in Conjurations
 14149 | D:10     | Reached XP level 11. HP: 37/64 MP: 17/27
 14303 | D:10     | Found a staircase to the Lair.
 14314 | D:10     | Noticed Snorg
 14327 | D:10     | Killed Snorg
 14470 | D:9      | Learned a level 7 spell: Orb of Destruction
 14709 | D:10     | Reached skill level 11 in Spellcasting
 15010 | D:10     | Got a scorched war axe
 15011 | D:10     | Identified the +6 war axe of Responsibility {chop, *Corrode
                  | MR+ Int+6} (You found it on level 10 of the Dungeon)
 15018 | Lair:1   | Entered Level 1 of the Lair of Beasts
 15173 | Lair:1   | Found a stormy altar of Qazlal.
 15634 | Lair:2   | Noticed a seven-headed hydra
 15638 | Lair:2   | Killed a seven-headed hydra
 16544 | Lair:3   | Noticed Rupert
 16550 | Lair:3   | Killed Rupert
 16550 | Lair:3   | Reached skill level 5 in Dodging
 17249 | Lair:3   | Reached skill level 12 in Spellcasting
 17256 | Lair:3   | Noticed Sonja
 17258 | Lair:3   | Reached XP level 12. HP: 45/71 MP: 14/30
 17383 | Lair:3   | Killed Sonja
 17575 | Lair:3   | Found a stormy altar of Qazlal.
 18673 | Lair:4   | Found a staircase to the Snake Pit.
 18723 | Lair:4   | Found a runed gate.
 18724 | Lair:4   | Found a runed gate.
 18724 | Lair:4   | Found a runed gate.
 18814 | Lair:4   | Found a staircase to the Shoals.
 19204 | Lair:4   | Noticed a death yak
 19206 | Lair:4   | Noticed a death yak
 19211 | Lair:4   | Killed a death yak
 19635 | Lair:4   | Noticed KeeTraxx's ghost (journeyman HuWn)
 20199 | Lair:5   | Noticed a four-headed hydra
 20420 | Lair:5   | Killed a four-headed hydra
 20420 | Lair:5   | Reached skill level 13 in Spellcasting
 21337 | Lair:6   | Entered Level 6 of the Lair of Beasts
 21351 | Lair:6   | Learned a level 2 spell: Blink
 21460 | Lair:6   | Noticed a seven-headed hydra
 21491 | Lair:5   | Reached XP level 13. HP: 77/77 MP: 1/32
 21711 | Lair:6   | HP: 1/78 [elephant (11)]
 22180 | Lair:6   | Found a runed door.
 22180 | Lair:6   | Found a viscous altar of Jiyva.
 22180 | Lair:6   | Found a staircase to the Slime Pits.
 22180 | Lair:6   | Noticed an acid blob
 22206 | Lair:6   | Gained mutation: You are surrounded by a mild repulsion
                  | field. (EV +2) [potion of mutation]
 22206 | Lair:6   | Gained mutation: Your body sometimes deteriorates upon
                  | taking damage. [potion of mutation]
 22206 | Lair:6   | Gained mutation: Your muscles are strong. (Str +2) [potion
                  | of mutation]
 22207 | Lair:6   | Lost mutation: Your body sometimes deteriorates upon taking
                  | damage. [potion of mutation]
 22207 | Lair:6   | Lost mutation: Your muscles are strong. (Str +2) [potion of
                  | mutation]
 22207 | Lair:6   | Lost mutation: You are surrounded by a mild repulsion
                  | field. (EV +2) [potion of mutation]
 22207 | Lair:6   | Gained mutation: You occasionally shout uncontrollably at
                  | your foes. [potion of mutation]
 22207 | Lair:6   | Gained mutation: Your system is resistant to poisons.
                  | (rPois) [potion of mutation]
 22208 | Lair:6   | Lost mutation: You occasionally shout uncontrollably at
                  | your foes. [potion of mutation]
 22208 | Lair:6   | Lost mutation: Your system is resistant to poisons. (rPois)
                  | [potion of mutation]
 22208 | Lair:6   | Gained mutation: Your spells are a little easier to cast,
                  | but a little less powerful. [potion of mutation]
 22208 | Lair:6   | Gained mutation: Your muscles are strong. (Str +2) [potion
                  | of mutation]
 22208 | Lair:6   | Lost mutation: Your spells are a little easier to cast, but
                  | a little less powerful. [potion of mutation]
 22680 | Lair:6   | Offered knowledge of Bolt of Fire by Vehumet.
 22822 | Lair:6   | Reached skill level 14 in Spellcasting
 24847 | Lair:6   | Found the +6 shillelagh "Devastator" {shatter}
 25484 | Orc:1    | Entered Level 1 of the Orcish Mines
 25839 | Orc:1    | Noticed Gastronok
 25869 | Orc:1    | Reached skill level 15 in Spellcasting
 26066 | Orc:1    | Offered knowledge of Poison Arrow by Vehumet.
 26354 | Orc:2    | Entered Level 2 of the Orcish Mines
 26362 | Orc:2    | Noticed a stone giant
 26366 | Orc:2    | Killed a stone giant
 26414 | Orc:1    | Killed Gastronok
 26561 | Orc:2    | Reached XP level 14. HP: 84/84 MP: 5/35
 27305 | Orc:2    | Found Pecy's Food Boutique.
 27312 | Orc:2    | Reached skill level 10 in Dodging
 27473 | Orc:2    | Found a staircase to the Elven Halls.
 27564 | Orc:2    | Found Etaing's Distillery.
 27596 | Orc:2    | HP: 1/84 [soul eater/drain life (15)]
 28708 | Orc:2    | Bought a potion of lignification for 48 gold pieces
 28708 | Orc:2    | Bought a potion of haste for 160 gold pieces
 28708 | Orc:2    | Bought a potion of heal wounds for 80 gold pieces
 28708 | Orc:2    | Bought a potion of haste for 160 gold pieces
 28708 | Orc:2    | Bought a potion of heal wounds for 80 gold pieces
 28759 | Orc:2    | Reached skill level 16 in Spellcasting
 29840 | Orc:2    | Found Qobrial's Antique Weapon Emporium.
 29840 | Orc:2    | Found a one-way gate leading to the halls of Pandemonium.
 29840 | Orc:2    | Found Meafikh's Book Shoppe.
 30011 | Snake:1  | Entered Level 1 of the Snake Pit
 30820 | Snake:1  | Reached skill level 17 in Spellcasting
 31316 | Snake:1  | Reached skill level 15 in Conjurations
 31621 | Snake:1  | Learned a level 1 spell: Magic Dart
 31629 | Snake:1  | Learned a level 7 spell: Spellforged Servitor
 31716 | Snake:1  | Reached skill level 1 in Summonings
 31737 | Snake:1  | Reached ****** piety under Vehumet
 32046 | Snake:1  | Got an ominously black robe
 32057 | Snake:1  | Identified the +1 robe of Sunlight {Int+4} (You found it on
                  | level 1 of the Snake Pit)
 32188 | Snake:2  | Reached XP level 15. HP: 85/92 MP: 16/38
 32798 | Snake:2  | Killed from afar by a shock serpent

Skill      XL: |  1  2  3  4  5  6  7  8  9 10 11 12 13 14 |
---------------+-------------------------------------------+-----
Conjurations   | 2 3 4 6 7 8 9 10 11 13 14 15 | 15.2
Fire Magic     | 4 5 6 |  6.1
Spellcasting   | 4 5 6 7 9 10 12 13 15 17 | 17.4
Air Magic      | 4 6 8 9 |  9.3
Fighting       | 2 3 5 6 7 8 9 |  9.8
Dodging        | 5 7 9 11 | 11.5
Summonings     | 2 |  2.5
Stealth        | |  2.4

Action                   |  1- 3 |  4- 6 |  7- 9 | 10-12 | 13-15 || total
-------------------------+-------+-------+-------+-------+-------++-------
Melee: Unarmed           |     7 |       |       |       |       ||     7
       Spear             |     7 |       |    17 |    22 |       ||    46
       War axe           |       |       |       |    22 |    50 ||    72
 Cast: Flame Tongue      |    32 |   116 |   161 |   255 |   187 ||   751
       Throw Flame       |    17 |    43 |    37 |    22 |    12 ||   131
       Sticky Flame      |       |     4 |    40 |    76 |    51 ||   171
       Conjure Flame     |       |     1 |     1 |     2 |     8 ||    12
       Fireball          |       |       |    20 |    61 |    87 ||   168
       Lightning Bolt    |       |       |       |    47 |    43 ||    90
       Orb of Destructio |       |       |       |     9 |   136 ||   145
       Swiftness         |       |       |       |     3 |     3 ||     6
       Blink             |       |       |       |       |     4 ||     4
  Use: Scroll            |     5 |       |     7 |    12 |    13 ||    37
       Potion            |       |       |       |       |     8 ||     8
  Eat: Chunk             |       |    11 |    16 |    15 |    38 ||    80
       Ration            |       |       |     4 |     8 |     7 ||    19
Armor: Robe              |     4 |     1 |       |       |       ||     5
       Leather armour    |       |       |    21 |    29 |    32 ||    82
Dodge: Dodged            |    29 |    41 |    55 |    89 |   190 ||   404
Block: Other             |       |       |     9 |    10 |    10 ||    29
       Reflection        |       |       |     1 |     2 |     2 ||     5
